 Dungeon Crawl Stone Soup version 0.20.1-1-g8b1a95d (webtiles) character file.

1462 vineage the Slasher (level 8, -1/62 HPs)
             Began as a Demonspawn Fighter on Oct 7, 2017.
             Was an Initiate of Okawaru.
             Slain by a troll (7 damage)
             ... on level 6 of the Dungeon.
             The game lasted 00:07:21 (4166 turns).

vineage the Slasher (Demonspawn Fighter)            Turns: 4166, Time: 00:07:21

Health: -1/62      AC: 11    Str: 18    XL:     8   Next: 48%
Magic:  13/17      EV:  9    Int:  9    God:    Okawaru [......]
Gold:   296        SH: 14    Dex: 14    Spells: 7/7 levels left

rFire    . . .     SeeInvis .   a - +1 long sword
rCold    . . .     Gourm    .   c - +1 shield
rNeg     . . .     Faith    .   b - +0 scale mail
rPois    .         Spirit   .   (no helmet)
rElec    .         Reflect  .   (no cloak)
rCorr    .         Harm     .   l - +0 pair of gloves
MR       .....                  z - +0 pair of boots
Stlth    +.........             (no amulet)
Regen    0.2/turn               g - +2 ring of protection
MPRegen  0.2/turn               s - ring of magical power

@: flying
A: hooves 1, large bone plates 1, spiny 1
a: Renounce Religion


You were on level 6 of the Dungeon.
You worshipped Okawaru.
Okawaru was noncommittal.
You were hungry.

You visited 2 branches of the dungeon, and saw 7 of its levels.

You collected 296 gold pieces.

Inventory:

Hand Weapons
 a - a +1 long sword (weapon)
 h - a +2 whip of flaming
Armour
 b - a +0 scale mail (worn)
 c - a +1 shield (worn)
 l - a +0 pair of gloves (worn)
 z - a +0 pair of boots (worn)
Jewellery
 g - a +2 ring of protection (left hand)
 s - a ring of magical power (right hand)
Wands
 y - a wand of clouds (7/9)
Scrolls
 e - 3 scrolls of remove curse
 j - a scroll of noise
 p - 3 scrolls of blinking
Potions
 k - a potion of flight
 m - a potion of agility
 o - a potion of resistance
Comestibles
 f - 4 bread rations
 q - 4 meat rations


   Skills:
 + Level 5.1 Fighting
 + Level 6.2 Long Blades
 + Level 4.8 Armour
 + Level 2.6 Dodging
 + Level 1.7 Stealth
 + Level 4.4 Shields


You had 7 spell levels left.
You didn't know any spells.

Dungeon Overview and Level Annotations

Branches:
Dungeon (6/15)             Temple (1/1) D:5

Altars:
Ashenzari
Cheibriados
Dithmenos
Elyvilon
Fedhas
Gozag
Kikubaaqudgha
Nemelex Xobeh
Okawaru
Qazlal
Ru
Trog
Vehumet
Xom
Yredelemnul
Zin
The Shining One

Shops:
D:4 *


Innate Abilities, Weirdness & Mutations

You have large cloven feet.
You are partially covered in large bone plates. (SH +4)
You are partially covered in sharp spines.


Message History

The troll barely misses you. The troll claws you but does no damage.
You hit the troll.
The troll is moderately wounded.
You block the necrophage's attack. The troll is struck by your spines.
The troll closely misses you. The troll misses you. The troll claws you.
You hit the troll.
The troll is moderately wounded.
You block the necrophage's attack. The troll is struck by your spines.
The troll bites you! The troll claws you! The troll closely misses you.
You are too injured to fight recklessly!
You are too injured to fight recklessly!
You feel better. You block the necrophage's attack. The troll bites you!
The troll claws you but does no damage. The troll claws you.
* * * LOW HITPOINT WARNING * * *
You feel very buoyant.
You fly up into the air.
You block the necrophage's attack. The troll bites you!
* * * LOW HITPOINT WARNING * * *
The troll claws you!
You die...

#.. #...###
%.[#.. #....
#### #...##.<#
#...#...#
#..#..T#..##
#.).n@###
......[..?.....
.....8......(..
...............
###.....#######
..#...#.
...#... . <.
#... #


You could see a troll and a necrophage.

Vanquished Creatures
  Pikel (D:4)
  Duvessa (D:4)
  4 slaves (D:4)
  2 ogres (D:4)
  Dowan (D:4)
  A crimson imp (D:5)
  A centaur zombie (D:5)
  3 hounds
  2 orc priests
  2 bullfrog skeletons
  A centaur skeleton (D:5)
  4 orc wizards
  5 worker ants
  5 adders
  An ooze (D:5)
  2 worms
  2 dart slugs
  2 leopard geckos (D:4)
  14 orcs
  6 bats
  5 giant cockroaches
  7 goblins
  6 hobgoblins
  2 jackals (D:1)
  A ball python (D:3)
  7 frilled lizards
  A kobold (D:2)
  8 rats
97 creatures vanquished.

Notes
Turn   | Place    | Note
-------+----------+-------------------------------------------
     0 | D:1      | vineage the Demonspawn Fighter began the quest for the Orb.
     0 | D:1      | Reached XP level 1. HP: 18/18 MP: 1/1
    56 | D:1      | Reached skill level 2 in Long Blades
   108 | D:1      | Gained mutation: You have large cloven feet. [demonic ancestry]
   108 | D:1      | Reached XP level 2. HP: 14/24 MP: 2/2
   704 | D:2      | Reached XP level 3. HP: 25/29 MP: 3/3
   890 | D:2      | Found an opulent altar of Gozag.
  1263 | D:3      | Reached XP level 4. HP: 23/35 MP: 4/4
  1569 | D:3      | Found a glowing silver altar of Zin.
  1678 | D:4      | Reached skill level 3 in Long Blades
  1678 | D:4      | Reached skill level 1 in Dodging
  2131 | D:4      | Reached XP level 5. HP: 29/41 MP: 5/5
  2344 | D:4      | Found Cotusch's General Store.
  2344 | D:4      | Noticed an ogre
  2355 | D:4      | Killed an ogre
  2355 | D:4      | Reached skill level 4 in Long Blades
  2355 | D:4      | Gained mutation: You are partially covered in sharp spines. [demonic ancestry]
  2355 | D:4      | Reached XP level 6. HP: 40/48 MP: 6/6
  2457 | D:4      | Noticed a slave
  2460 | D:4      | Noticed a slave
  2464 | D:4      | Noticed a slave
  2481 | D:4      | Killed a slave
  2504 | D:4      | Killed a slave
  2511 | D:4      | Killed a slave
  2589 | D:4      | Noticed a slave
  2597 | D:4      | Killed a slave
  2614 | D:4      | Noticed Dowan
  2616 | D:4      | Noticed Duvessa
  2632 | D:4      | Killed Duvessa
  2636 | D:4      | Killed Dowan
  2692 | D:4      | Noticed Pikel
  2701 | D:4      | Killed Pikel
  2701 | D:4      | Reached skill level 5 in Long Blades
  2701 | D:4      | Reached skill level 1 in Stealth
  2701 | D:4      | Reached XP level 7. HP: 9/55 MP: 7/7
  3012 | D:4      | Gained mutation: You are partially covered in large bone plates. (SH +4) [demonic ancestry]
  3012 | D:4      | Reached XP level 8. HP: 7/61 MP: 8/8
  3460 | D:5      | Entered Level 5 of the Dungeon
  3593 | D:5      | Found a staircase to the Ecumenical Temple.
  3611 | Temple   | Entered the Ecumenical Temple
  3844 | Temple   | Became a worshipper of Warmaster Okawaru
  3911 | D:5      | Reached skill level 5 in Fighting
  3927 | D:5      | Reached skill level 6 in Long Blades
  4160 | D:6      | Noticed a troll
  4166 | D:6      | Slain by a troll

Skill      XL: |  1  2  3  4  5  6  7  8 |
---------------+-------------------------+-----
Long Blades    | 2 3 4 5 6 |  6.2
Armour         | 3 4 |  4.8
Shields        | 3 4 |  4.4
Dodging        | 1 2 |  2.6
Fighting       | 4 5 |  5.1
Stealth        | 1 |  1.7

Action                   |  1- 3 |  4- 6 |  7- 9 || total
-------------------------+-------+-------+-------++-------
Melee: Long sword        |   106 |   106 |   113 ||   325
       Kick              |    24 |    39 |    40 ||   103
  Use: Potion            |       |    10 |     2 ||    12
       Scroll            |       |       |    12 ||    12
 Stab: Invisible         |       |     2 |       ||     2
  Eat: Chunk             |     1 |     4 |       ||     5
       Meat ration       |       |       |     1 ||     1
Armor: Scale mail        |    37 |    41 |    46 ||   124
Dodge: Dodged            |    30 |    41 |    24 ||    95
Block: Shield            |    51 |    52 |    58 ||   161
       Rpst.: Long sword |     7 |    13 |     7 ||    27
